Map: Rifts to Korhal

Players

raincamp

  • Race: Terran Terran
  • Spawn Location: 7:00

raincamp

  • Race: Terran Terran

VOD

Have the link to the VOD?

Description

Time

  • Played on: Dec. 15, 2017, 5:06 p.m.
  • Length: 19:26
Show
View Real Time Build Order
Export as new Build Order

raincamp Terran 

Build Orders:  

Get SALT Encoding   

  11  0:43  Supply Depot  
Show
View Real Time Build Order
Export as new Build Order

raincamp Terran 

Build Orders:  

Get SALT Encoding   

  12  0:05  Starport Tech Lab  
  12  0:08  SCV  
  13  0:25  SCV  
  13  0:26  Supply Depot  
  15  0:42  SCV  
  15  0:45  Refinery  
  16  1:01  SCV  
  16  1:18  SCV  
  17  1:35  SCV  
  18  1:43  Command Center  
  19  1:52  SCV  
  19  2:02  Engineering Bay  
  20  2:11  SCV  
  20  2:27  Assault Galleon  
  20  2:37  SCV  
  22  2:50  Refinery  
  22  2:54  SCV  
  23  3:11  SCV  
  23  3:28  SCV x2  
  25  3:30  Reaper  
  25  3:33  Armory  
  26  3:40  Reaper  
  26  3:45  SCV x2  
  29  3:50  Reaper  
  32  4:01  SCV  
  32  4:02  SCV  
  32  4:18  SCV  
  32  4:19  SCV  
  34  4:35  SCV  
  35  4:43  Command Center  
  37  4:51  SCV  
  37  4:52  SCV  
  37  5:05  Supply Depot  
  37  5:08  SCV  
  37  5:09  SCV  
  39  5:16  Assault Galleon  
  39  5:18  Assault Galleon  
  39  5:25  SCV  
  39  5:26  SCV  
  42  5:42  Assault Galleon, SCV  
  42  5:43  Assault Galleon  
  42  5:44  Horner Weapons Level 1  
  42  5:49  SCV  
  43  5:52  Jetpack Overdrive  
  43  5:59  SCV  
  44  6:06  SCV  
  45  6:10  Refinery  
  45  6:11  Refinery  
  45  6:16  SCV  
  46  6:29  Multi-Threaded Sensors  
  48  6:31  SCV  
  48  6:33  SCV  
  48  6:48  SCV  
  50  6:50  SCV  
  50  6:54  LE9 Cluster Charges  
  51  7:11  SCV  
  51  7:12  Supply Depot  
  51  7:27  SCV  
  51  7:39  Reaper  
  52  7:40  Reaper x4  
  52  7:41  Theia Raven  
  52  7:42  Theia Raven  
  52  7:44  Supply Depot  
  52  7:49  Reaper  
  62  7:50  Reaper x4  
  62  7:53  SCV  
  62  7:59  Reaper  
  67  8:15  Fusion Core  
  67  8:16  Supply Depot  
  67  8:22  Reaper x3, Hellbat  
  67  8:23  Reaper  
  73  8:32  Reaper x5  
  73  8:42  Reaper x5  
  78  8:52  Reaper x4  
  77  9:02  Horner Weapons Level 2  
  77  9:05  Reaper  
  77  9:06  Reaper x4  
  82  9:15  Reaper  
  82  9:16  Reaper x4  
  87  9:22  Theia Raven  
  87  9:25  Reaper  
  87  9:26  Reaper x2  
  87  9:27  Reaper x2  
  94  9:35  Reaper  
  94  9:36  Reaper  
  97  9:50  Reaper x5  
  97  9:55  Supply Depot  
  97  9:56  Supply Depot  
  97  9:59  Reaper  
  102  10:00  Reaper x2  
  102  10:04  Reaper  
  102  10:05  Reaper  
  102  10:09  Reaper  
  107  10:10  Reaper x2  
  107  10:14  Reaper  
  110  10:25  Reaper x3  
  110  10:27  Supply Depot  
  110  10:28  Supply Depot  
  113  10:39  Reaper x5  
  115  10:48  Reaper  
  115  10:49  Reaper x4  
  116  10:58  Reaper  
  116  10:59  Reaper  
  117  11:16  Reaper  
  117  11:17  Reaper x4  
  122  11:26  Reaper  
  122  11:27  Reaper x4  
  122  11:28  Tactical Jump  
  126  12:09  Supply Depot x2  
  127  12:10  Supply Depot  
  127  12:11  SCV  
  127  12:16  Reaper  
  127  12:17  Reaper x4  
  132  12:26  Reaper  
  132  12:27  SCV  
  127  12:30  Horner Weapons Level 3  
  127  12:33  Reaper  
  127  12:36  Reaper  
  127  12:37  Reaper x3  
  132  12:43  Reaper  
  132  12:44  SCV  
  132  12:46  Reaper  
  132  12:47  Reaper x3  
  133  12:53  Reaper  
  133  12:56  Reaper  
  133  12:57  Reaper  
  131  13:11  Reaper  
  131  13:12  Reaper x3  
  131  13:13  Reaper  
  135  13:21  Reaper  
  135  13:22  Reaper x3  
  135  13:23  Reaper  
  142  13:45  Reaper  
  142  13:46  Reaper  
  142  13:47  Reaper  
  142  13:48  Reaper x2  
  145  13:55  Reaper  
  145  13:56  Reaper  
  145  13:57  Reaper  
  145  13:58  Reaper x2  
  150  14:05  Reaper  
  150  14:06  Reaper  
  150  14:07  Reaper  
  150  14:08  Reaper x2  
  155  14:15  Reaper  
  155  14:16  Reaper  
  155  14:17  Reaper  
  155  14:18  Reaper x2  
  149  14:24  Reaper  
  149  14:26  Reaper  
  149  14:27  Reaper  
  149  14:28  Reaper x2  
  154  14:34  Reaper  
  154  14:36  Reaper  
  154  14:37  Reaper  
  154  14:38  Reaper  
  158  14:55  Reaper x3  
  158  14:56  Reaper x2  
  163  15:05  Reaper x3  
  163  15:06  Reaper x2  
  168  15:15  Reaper x2  
  168  15:16  Reaper x2  
  169  15:25  Reaper x2  
  169  15:26  Reaper x2  
  165  15:35  Reaper x2  
  165  15:36  Reaper x2  
  169  15:44  Reaper  
  169  15:45  Reaper x2  
  169  15:46  Reaper  
  168  15:52  Horner Armor Level 1  
  168  15:54  Reaper  
  168  15:55  Reaper  
  187  16:24  Drone Hangar x4  
  187  16:50  Sovereign Battlecruiser  
  193  17:06  Reaper x4  
  197  17:16  Reaper x4  
  192  17:26  Reaper x4  
  194  17:36  Reaper x4  
  193  17:46  Reaper x4  
  193  17:47  Sovereign Battlecruiser  
  196  17:56  Reaper x4  
  195  18:06  Dominion Starport  
  195  18:08  Reaper  
  195  18:09  Reaper x3  
Tags
 
Add a new tag
Caveats
  • Supply blocks, unpowered buildings, or Contaminate may cause inaccurate times.
  • Supply counts are checked every 10 seconds.